 Dungeon Crawl Stone Soup version 0.25.0-9-g26727b657a (webtiles) character file.

Game seed: 11838327497268241956

219 mopl the Shooter (level 5, -7/47 HPs)
             Began as a Centaur Hunter on June 16, 2020.
             Blown up by Ijyb (8 damage)
             ... with a disintegration bolt
             ... on level 3 of the Dungeon.
             The game lasted 00:04:04 (3003 turns).

mopl the Shooter (Centaur Hunter)                   Turns: 3003, Time: 00:04:05

Health: -7/47      AC:  6    Str: 15    XL:     5   Next: 63%
Magic:  5/5        EV:  8    Int: 10    God:
Gold:   120        SH:  0    Dex: 10    Spells: 4/4 levels left

rFire    . . .     SeeInvis .   a - +1 shortbow
rCold    . . .     Gourm    .   (shield currently unavailable)
rNeg     . . .     Faith    .   p - +0 ring mail
rPois    +         Spirit   .   (no helmet)
rElec    .         Reflect  .   (no cloak)
rCorr    .         Harm     .   l - +0 pair of gloves
MR       .....                  (no barding)
Stlth    ..........             (no amulet)
HPRegen  0.15/turn              e - ring of poison resistance
MPRegen  0.09/turn              (no ring)

@: very quick
A: large, hooves 3, deformed body, speed 2, tough skin 3
a: no special abilities


You were on level 3 of the Dungeon.
You were not hungry.

You visited 1 branch of the dungeon, and saw 3 of its levels.
You also visited: Sewer.

You collected 120 gold pieces.

Inventory:

Hand Weapons
 a - a +1 shortbow (weapon)
 b - a +0 trident
 D - a +0 short sword
Missiles
 d - 19 arrows (quivered)
Armour
 l - a +0 pair of gloves (worn)
 p - a +0 ring mail (worn)
Jewellery
 e - a ring of poison resistance (left hand)
Wands
 C - a wand of random effects (25)
Scrolls
 c - 2 scrolls of teleportation {unknown}
 h - a scroll of enchant armour {unknown}
 j - 2 scrolls of random uselessness {unknown}
 n - a scroll of immolation {unknown}
 o - a scroll of remove curse {unknown}
 q - 2 scrolls of blinking {unknown}
 r - a scroll of enchant weapon {unknown}
 t - a scroll of amnesia {unknown}
 u - 2 scrolls of fog
 y - 2 scrolls of fear {unknown}
Potions
 i - a potion of invisibility
 k - a potion of stabbing
 m - 4 potions of heal wounds {unknown}
 s - 2 potions of might {unknown}
 v - 2 potions of flight {unknown}
 w - a potion of berserk rage {unknown}
 x - 2 potions of degeneration {unknown}
 z - a potion of magic {unknown}
 A - 3 potions of brilliance {unknown}
 B - a potion of curing
 E - a potion of mutation {unknown}
Comestibles
 f - 6 rations
 g - 11 chunks of flesh


   Skills:
 + Level 4.4 Fighting
 + Level 7.5 Bows
 - Level 1.3 Dodging
 - Level 0.4 Stealth


You had 4 spell levels left.
You didn't know any spells.
Your spell library was empty.

Dungeon Overview and Level Annotations

Branches:
Dungeon (3/15)              Sewer (visited)

Altars:
Nemelex Xobeh
Sif Muna

Annotations:
D:1 dig
D:3 Ijyb


Innate Abilities, Weirdness & Mutations

You have hooves in place of feet.
Armour fits poorly on your strangely shaped body.
You cover ground very quickly.
You have extremely tough skin. (AC +3)


Message History

Aim: Ijyb, wielding a +0 dagger, wearing a +0 chain mail and carrying a wand of disintegration (4) (heavily wounded)
You shoot an arrow. The arrow hits Ijyb but does no damage.
Ijyb is heavily wounded.
Ijyb hits you but does no damage.
Firing (i - inventory)
d - 22 arrows (quivered)
Press: ? - help, Shift-Dir - straight line, f/p - Ijyb
Aim: Ijyb, wielding a +0 dagger, wearing a +0 chain mail and carrying a wand of disintegration (4) (heavily wounded)
You shoot an arrow. The arrow barely misses Ijyb.
Ijyb barely misses you.
Firing (i - inventory)
d - 21 arrows (quivered)
Press: ? - help, Shift-Dir - straight line, f/p - Ijyb
Aim: Ijyb, wielding a +0 dagger, wearing a +0 chain mail and carrying a wand of disintegration (4) (heavily wounded)
You shoot an arrow. The arrow hits Ijyb but does no damage.
Ijyb is heavily wounded.
Firing (i - inventory)
d - 20 arrows (quivered)
Press: ? - help, Shift-Dir - straight line, f/p - Ijyb
Aim: Ijyb, wielding a +0 dagger, wearing a +0 chain mail and carrying a wand of disintegration (4) (heavily wounded)
You shoot an arrow. The arrow hits Ijyb.
Ijyb is heavily wounded.
Ijyb zaps a wand.
You are blasted!
You die...

####### ......# #####.#
......####
#........#######
#.###........... # #####
#.# #.##.###### .(#
.....
#÷###.##.##########....#
.....
.............#..@g.(#
#####
..###.######.'.######
##.... .## #.#
#..#......# #...## .#
#.# #..######.. ##.÷#
.####.# #..# #..#
......# #### #..##
^####.# #...# >.. #.#..
.### ### #.#.#


You could see Ijyb.

Vanquished Creatures
  A scorpion (D:3)
  Jessica (D:3)
  3 adders
  3 river rats
  An ooze (D:2)
  3 worms
  A dart slug (D:1)
  3 orcs (D:3)
  3 giant cockroaches
  8 hobgoblins
  3 jackals (D:3)
  5 ball pythons
  5 bats
  11 frilled lizards
  9 goblins
  6 kobolds
  18 rats
84 creatures vanquished.

Notes
Turn   | Place    | Note
-------+----------+-------------------------------------------
     0 | D:1      | mopl the Centaur Hunter began the quest for the Orb.
     0 | D:1      | Reached XP level 1. HP: 17/17 MP: 1/1
   167 | D:1      | Reached XP level 2. HP: 21/25 MP: 2/2
   775 | D:2      | Reached skill level 6 in Bows
   775 | D:2      | Reached XP level 3. HP: 20/30 MP: 3/3
  1615 | D:2      | Found a sparkling altar of Nemelex Xobeh.
  1788 | D:3      | Reached XP level 4. HP: 27/38 MP: 4/4
  1812 | D:3      | Found a glowing drain.
  1816 | Sewer    | Entered a sewer
  2549 | D:3      | Reached skill level 7 in Bows
  2549 | D:3      | Reached XP level 5. HP: 46/46 MP: 5/5
  2597 | D:3      | Noticed Jessica
  2609 | D:3      | Killed Jessica
  2727 | D:3      | Found a faded altar of an unknown god.
  2739 | D:3      | Became a worshipper of Sif Muna the Loreminder
  2739 | D:3      | Reached * piety under Sif Muna
  2740 | D:3      | Fell from the grace of Sif Muna
  2984 | D:3      | Noticed Ijyb
  2996 | D:3      | HP: 1/47 [Ijyb/+0 dagger (2)]
  3003 | D:3      | Blown up by Ijyb

Illustrated notes

Levels and vault maps discovered:
D:1:      mrwooster_arrival_statue, layout_basic, due_unseen_surprise
D:2:      layout_basic, marbit_many_paths
D:3:      layout_loops_ring, nicolae_tso_swordbearing_angel,
          chequers_ecumenical_altar_grove, first_ration, gup_sewer_entry_bowl,
          grunt_decor_one_mirror, uniq_jessica, uniq_ijyb

Skill      XL: |  1  2  3  4 |
---------------+-------------+-----
Bows           | 6 7 |  7.5
Fighting       | 3 4 |  4.4
Dodging        | |  1.3
Stealth        | |  0.4

Action                   |  1- 3 |  4- 6 || total
-------------------------+-------+-------++-------
Melee: Short sword       |   116 |   117 ||   233
       Kick              |    13 |    23 ||    36
       Trident           |       |    13 ||    13
 Fire: Shortbow          |       |    28 ||    28
Invok: Renounce Religion |       |     1 ||     1
  Use: Scroll            |     1 |     3 ||     4
  Eat: Chunk             |     1 |     4 ||     5
Armor: Leather armour    |    19 |       ||    19
       Ring mail         |    36 |    56 ||    92
Dodge: Dodged            |    35 |    58 ||    93
